 Dungeon Crawl Stone Soup version 0.22.0-6-g71bd7aa (webtiles) character file.

150 KLATTERAL the Grave Robber (level 5, -3/42 HPs)
             Began as a Naga Necromancer on Aug 14, 2018.
             Slain by a scorpion (5 damage)
             ... on level 3 of the Dungeon.
             The game lasted 00:53:15 (2776 turns).

KLATTERAL the Grave Robber (Naga Necromancer)       Turns: 2776, Time: 00:53:16

Health: -3/42      AC:  4    Str: 16    XL:     5   Next: 32%
Magic:  9/9        EV:  9    Int: 16    God:
Gold:   139        SH:  0    Dex: 11    Spells: 4/9 levels left

rFire    . . .     SeeInvis +   p - +0 mace
rCold    . . .     Gourm    .   (no shield)
rNeg     . . .     Faith    .   g - +0 leather armour
rPois    +         Spirit   .   (no helmet)
rElec    .         Reflect  .   r - +0 cloak
rCorr    .         Harm     .   (no gloves)
MR       .....     Rnd*Tele +   (no barding)
Stlth    ++........             (no amulet)
HPRegen  0.14/turn              n - ring of teleportation (curse)
MPRegen  0.11/turn              j - ring of teleportation (curse)

@: mighty, very slow
A: large, see invisible, deformed body, poison resistance, slowness 2, slow
metabolism 1, spit poison 1, AC +1
a: Spit Poison


You were on level 3 of the Dungeon.
You were not hungry.

You visited 1 branch of the dungeon, and saw 4 of its levels.

You collected 139 gold pieces.

Inventory:

Hand Weapons
 b - a +1 whip
 e - a +0 short sword
 h - a +0 club
 l - a +0 long sword
 m - a +0 hunting sling
 p - a +0 mace (weapon)
 t - a +0 spear
Missiles
 d - 66 stones (quivered)
Armour
 a - a +1 robe
 g - a +0 leather armour (worn)
 i - a +0 ring mail
 r - a +0 cloak (worn)
Jewellery
 j - a cursed ring of teleportation (right hand)
 n - a cursed ring of teleportation (left hand)
Scrolls
 o - 2 scrolls of identify
Potions
 k - a potion of cancellation
Comestibles
 c - 5 rations
 q - a chunk of flesh


   Skills:
 + Level 0.2 Fighting
 + Level 1.7 Maces & Flails
 + Level 0.9 Armour
 + Level 1.9 Dodging
 + Level 3.6 Stealth
 + Level 2.7 Spellcasting
 + Level 0.3 Charms
 + Level 5.0 Necromancy


You had 4 spell levels left.
You knew the following spells:

 Your Spells              Type           Power        Failure   Level  Hunger
a - Pain                  Necr           ###.         3%          1    #......
b - Animate Skeleton      Necr           N/A          3%          1    #......
c - Regeneration          Chrm/Necr      ##........   24%         3    ###....

Your spell library contained the following spells:

 Spells                   Type           Power        Failure   Level  Hunger
 Animate Dead             Necr           N/A          30%         4    #####..
 Vampiric Draining        Necr           ###.......   9%          3    ###....


Dungeon Overview and Level Annotations

Branches:
Dungeon (4/15)
 Temple: D:4-7

Altars:
Gozag


Innate Abilities, Weirdness & Mutations

You cannot wear boots.
Your serpentine skin is tough. (AC +1)
You have supernaturally acute eyesight. (SInv)
Armour fits poorly on your strangely shaped body.
Your system is resistant to poisons. (rPois)
You cover ground very slowly.
You have a slow metabolism.
You can spit poison.


Message History

The scorpion closely misses you. The scorpion stings you.
The scorpion stings you.
* * * LOW HITPOINT WARNING * * *
The scorpion stings you but does no damage.
The scorpion closely misses you. The scorpion stings you!
* * * LOW HITPOINT WARNING * * *
The scorpion barely misses you. The scorpion completely misses you.
The scorpion barely misses you. The scorpion stings you.
* * * LOW HITPOINT WARNING * * *
It was a potion of might.
You feel very mighty all of a sudden. The scorpion stings you.
* * * LOW HITPOINT WARNING * * *
You barely miss the scorpion. The scorpion barely misses you.
You barely miss the scorpion. The scorpion stings you.
You die...

#################################
................@s...............
################....#############
####### ###.........###########
....... ......................
#############.##....#.########...
# #................#.# #... #
#................#.# #...
####................#.# #...
........#####'##....#.########...


You could see a scorpion.

Vanquished Creatures
  An orc wizard (D:4)
  A gnoll (D:1)
  5 adders
  An ooze (D:3)
  3 worms
  3 dart slugs
  3 orcs
  6 bats
  3 giant cockroaches
  5 goblins
  2 hobgoblins (D:3)
  4 jackals (D:1)
  2 quokkas
  5 frilled lizards
  5 kobolds (D:1)
  5 rats
54 creatures vanquished.

Vanquished Creatures (collateral kills)
  A goblin (D:1)
  2 bats
3 creatures vanquished.

Grand Total: 57 creatures vanquished

Notes
Turn   | Place    | Note
-------+----------+-------------------------------------------
     0 | D:1      | KLATTERAL the Naga Necromancer began the quest for the Orb.
     0 | D:1      | Reached XP level 1. HP: 15/15 MP: 3/3
    13 | D:1      | Learned a level 1 spell: Animate Skeleton
   256 | D:1      | Reached XP level 2. HP: 13/22 MP: 1/5
   651 | D:1      | Reached XP level 3. HP: 20/28 MP: 4/6
  1033 | D:2      | Found an opulent altar of Gozag.
  1315 | D:2      | Reached skill level 1 in Maces & Flails
  1315 | D:2      | Reached XP level 4. HP: 30/36 MP: 4/7
  1402 | D:2      | Learned a level 3 spell: Regeneration
  2288 | D:3      | HP: 1/36 [adder (4)]
  2598 | D:4      | Reached XP level 5. HP: 30/42 MP: 5/8
  2685 | D:4      | Reached skill level 5 in Necromancy
  2774 | D:3      | HP: 2/42 [scorpion (1)]
  2776 | D:3      | Slain by a scorpion

Skill      XL: |  1  2  3  4  5 |
---------------+----------------+-----
Maces & Flails | 1 |  1.7
Necromancy     | 5 |  5.0
Fighting       | |  0.2
Armour         | |  0.9
Dodging        | |  1.9
Stealth        | |  3.6
Spellcasting   | |  2.7
Charms         | |  0.3

Action                   |  1- 3 |  4- 6 || total
-------------------------+-------+-------++-------
Melee: Whip              |    38 |       ||    38
       Mace              |       |    55 ||    55
 Cast: Pain              |    47 |    39 ||    86
       Animate Skeleton  |     8 |     7 ||    15
       Regeneration      |       |     8 ||     8
 Abil: Spit Poison       |       |     3 ||     3
  Use: Scroll            |     2 |     5 ||     7
       Potion            |     2 |     3 ||     5
 Stab: Distracted        |       |     1 ||     1
  Eat: Chunk             |     1 |     4 ||     5
       Ration            |       |     1 ||     1
Armor: Robe              |    19 |       ||    19
       Leather armour    |     2 |    24 ||    26
Dodge: Dodged            |    37 |    52 ||    89
